 Dungeon Crawl Stone Soup version 0.29-a0-352-g0917bc69df (webtiles) character file.

Game seed: 5465656090415352604

69 spaghetti the Caller (level 4, -3/30 HPs)
             Began as a Demonspawn Summoner on Apr 24, 2022.
             Was a Follower of Wu Jian.
             Slain by a gnoll
             ... wielding a +0 club
              (4 damage)
             ... on level 2 of the Dungeon.
             The game lasted 00:04:08 (3000 turns).

spaghetti the Caller (Demonspawn Summoner)          Turns: 3000, Time: 00:04:09

Health: -3/30      AC:  2    Str:  9    XL:     4   Next: 2%
Magic:  1/7        EV: 12    Int: 18    God:    Wu Jian [*.....]
Gold:   54         SH:  0    Dex: 13    Spells: 1/7 levels left

rFire   . . .      SeeInvis .     - Unarmed
rCold   . . .      Faith    .   (no shield)
rNeg    . . .      Spirit   .   a - +0 robe
rPois   .          Reflect  .   (no helmet)
rElec   .          Harm     .   (no cloak)
rCorr   .          Rampage  .   (no gloves)
Will    .....                   (no boots)
Stlth   ++........              (no amulet)
HPRegen 0.10/turn               (no ring)
MPRegen 0.10/turn               (no ring)

@: no status effects
A: claws 1
a: Renounce Religion


You were on level 2 of the Dungeon.
You worshipped Wu Jian.
Wu Jian was aware of your devotion.
You visited 1 branch of the dungeon, and saw 2 of its levels.

You collected 54 gold pieces.


Innate Abilities, Weirdness & Mutations

You have sharp fingernails.


   Skills:
 - Level 1.7 Dodging
 - Level 1.7 Stealth
 * Level 2.1 Unarmed Combat
 - Level 2.0 Spellcasting
 + Level 4.9 Summonings


You had one spell level left.
You knew the following spells:

 Your Spells              Type           Power      Damage    Failure   Level
a - Summon Small Mammal   Summ           76%        N/A       2%          1
b - Call Imp              Summ           19%        N/A       3%          2
c - Call Canine Familiar  Summ           19%        N/A       7%          3

Your spell library contained the following spells:

 Spells                   Type           Power      Damage    Failure   Level
 Summon Guardian Golem    Hex/Summ       10%        N/A       21%         3
 Summon Lightning Spire   Summ/Air       10%        N/A       54%         4

Inventory:

Hand Weapons
 g - a +0 club {mace}
   (You took it off a kobold on level 1 of the Dungeon)
 h - a +0 dagger {short}
   (You took it off a goblin on level 1 of the Dungeon)
 i - a +0 dagger {short}
   (You took it off a goblin on level 2 of the Dungeon)
 r - a +0 hand axe {axe}
   (You found it on level 2 of the Dungeon)
 s - a +0 whip {mace}
   (You found it on level 2 of the Dungeon)
 t - a +0 dagger {short}
   (You found it on level 2 of the Dungeon)
 u - a +0 short sword {short}
   (You took it off a kobold on level 2 of the Dungeon)
Missiles
 j - 4 poisoned darts {throwing}
 v - a stone {throwing}
Armour
 a - a +0 robe (worn)
Jewellery
 d - a ring of poison resistance
   (You found it on level 1 of the Dungeon)
 w - a +6 ring of strength
   (You took it off a kobold on level 2 of the Dungeon)
Scrolls
 b - 2 scrolls of holy word {unknown}
 c - a scroll of immolation {!r!r}
 k - a scroll of magic mapping {unknown}
 m - a scroll of fog {unknown}
 n - a scroll of identify {unknown}
 q - a scroll of teleportation {unknown}
Potions
 e - 3 potions of ambrosia {unknown}
 f - 2 potions of curing {unknown}
 l - a potion of invisibility {unknown}
 o - a potion of attraction {unknown}
 p - 2 potions of degeneration {unknown}

Dungeon Overview and Level Annotations

Branches:
Dungeon (2/15)

Altars:
Wu Jian

Shops:
D:2

(
########.###............#.......
#..# #.....##..####..##... ####
#.....##..##....#####
######....##.#..# ###..........#
#............# #h........####
#.#####.b.....###
#....)g@....### ###
#.....gr....# ####..
#.########### ##....# # #......
#.....# #...... ##....# ##.#..
#..###


You could see 2 gnolls, a friendly hound (summoned), a friendly quokka
(summoned) and a friendly bat (summoned).


Message History

The Council accepts your kill.
Your Unarmed Combat skill increases to level 2!
No target in view!
No target in view!
No target in view!
No target in view!
No target in view!
No target in view!
No target in view!
No target in view!
No target in view!
No target in view!
No target in view!
No target in view!
No target in view!
No target in view!
No target in view!
No target in view!
You swap places.
You swap places.
You swap places.
Key pressed, stopping explore.
Your crimson imp disappears in a puff of smoke! 2 gnolls come into view.
The gnoll shouts!
You hear a shout!
A gnoll comes into view. It is wielding a +0 flail. 😎 MP[+2]
Your mp is fully restored (6).
There are monsters nearby!
There are monsters nearby!
The gnoll shouts!
You scratch the gnoll. The gnoll completely misses you.
You scratch the gnoll. The gnoll misses you.
Your hound closely misses the gnoll.
You scratch the gnoll.
You kill the gnoll!
The Council accepts your kill.
Your hound bites the gnoll.
You have reached level 4!
You feel stronger. 😎 HP[+6] MP[+1]
You now have 30 max hp (+6).
Your hp is fully restored (30).
Your mp is fully restored (7).
Casting: Call Imp (safe; 3% risk of failure)
Confirm with . or Enter, or press ? or * to list all spells.
A beastly little devil appears in a puff of flame.
The gnoll misses your crimson imp.
The gnoll hits your crimson imp with a +0 flail.
Your hound bites the gnoll. 😎 MP[-2]
You lost 2 mp, and now have 5/7 mp.
You swap places.
You lunge at the gnoll.
You claw the gnoll!
Your hound bites the gnoll.
The gnoll hits you with a +0 flail! The gnoll closely misses you.
Your hound closely misses the gnoll.
You see here a +0 whip {mace}. 😮 HP[-8]
You take 8 damage, and now have 22/30 hp.
MASSIVE DAMAGE!! (PAUSE)
You barely miss the gnoll. The gnoll hits you with a +0 flail.
The gnoll hits you with a +0 club.
* * * LOW HITPOINT WARNING * * *
Your hound bites the gnoll. 😨 HP[-8]
You take 8 damage, and now have 14/30 hp.
MASSIVE DAMAGE!! (PAUSE)
You barely miss the gnoll. Your hound misses the gnoll.
The gnoll barely misses you. The gnoll hits you with a +0 club.
* * * LOW HITPOINT WARNING * * *
Your hound barely misses the gnoll. 😨 HP[-3]
You take 3 damage, and now have 11/30 hp.
You swap places.
Your hound closely misses the gnoll.
The gnoll hits your crimson imp with a +0 flail!
The gnoll hits your crimson imp with a +0 club.
Your crimson imp closely misses the gnoll.
Your hound disappears in a puff of smoke!
The gnoll hits your crimson imp with a +0 club.
Your crimson imp dies!
Your crimson imp disappears in a puff of smoke!
Casting: Call Imp (safe; 3% risk of failure)
Confirm with . or Enter, or press ? or * to list all spells.
😨 MP[-1]
You lost 1 mp, and now have 4/7 mp.
Casting: Summon Small Mammal (safe; 2% risk of failure)
Confirm with . or Enter, or press ? or * to list all spells.
The gnoll closely misses you.
Your quokka barely misses the gnoll. 😨 MP[-1]
You lost 1 mp, and now have 3/7 mp.
Casting: Summon Small Mammal (safe; 2% risk of failure)
Confirm with . or Enter, or press ? or * to list all spells.
The spell is quite dangerous to miscast (7% risk of failure)!
Continue anyway?
Your bat hits the gnoll. The gnoll misses you. x2
Your quokka bites the gnoll but does no damage. 😨 MP[-3]
You lost 3 mp, and now have 0/7 mp.
You barely miss the gnoll.
Your bat closely misses the gnoll.
The gnoll hits you with a +0 flail!
* * * LOW HITPOINT WARNING * * *
The gnoll hits you with a +0 club.
You die...

Skill      XL: |  1  2  3 |
---------------+----------+-----
Unarmed Combat | 1 2 |  2.1
Dodging        | |  1.7
Stealth        | |  1.7
Spellcasting   | |  2.0
Summonings     | |  4.9

Action                   |  1- 3 |  4- 6 || total
-------------------------+-------+-------++-------
Melee: Unarmed           |   125 |     4 ||   129
       Punch             |     2 |       ||     2
 Cast: Summon Small Mamm |    28 |     2 ||    30
       Call Imp          |     9 |     1 ||    10
       Call Canine Famil |     6 |     1 ||     7
Invok: Lunge             |     5 |     1 ||     6
  Use: Potion            |     1 |       ||     1
 Stab: Distracted        |     2 |       ||     2
       Sleeping          |     6 |       ||     6
Armor: Robe              |    25 |       ||    25
Dodge: Dodged            |    63 |     5 ||    68

Levels and vault maps discovered:
D:1:      lightli_molten_gateway, layout_basic,
          hellmonk_ecumenical_altar_blasted, chequers_jeans
D:2:      layout_loops_cross, serial_shops, nicolae_shop_bloodbath_and_beyond,
          nrook_uturn

Notes
Turn   | Place    | Note
-------+----------+-------------------------------------------
     0 | D:1      | spaghetti the Demonspawn Summoner began the quest for the
                  | Orb.
     0 | D:1      | Reached XP level 1. HP: 13/13 MP: 3/3
     0 | D:1      | magus.rc [v1.9.6]
    97 | D:1      | HP: 3/13 [giant cockroach (1)]
   372 | D:1      | HP: 3/13 [jackal (2)]
   373 | D:1      | HP: 1/13 [jackal (2)]
   388 | D:1      | Gained mutation: You have sharp fingernails. [demonic
                  | ancestry]
   388 | D:1      | Reached XP level 2. HP: 3/19 MP: 1/5
   781 | D:1      | Found a faded altar of an unknown god.
   817 | D:1      | Learned a level 2 spell: Call Imp
  1223 | D:1      | Reached skill level 1 in Unarmed Combat
  1482 | D:1      | Reached XP level 3. HP: 18/24 MP: 1/6
  1486 | D:1      | Learned a level 3 spell: Call Canine Familiar
  1672 | D:1      | Prayed at the altar of an unknown god.
  1672 | D:1      | Became a worshipper of the Wu Jian Council
  1672 | D:1      | Reached * piety under Wu Jian
  2491 | D:2      | You pick up a book of Callings and begin reading...
  2523 | D:2      | Found Dizeu's Weapon Shop.
  2942 | D:2      | Reached skill level 2 in Unarmed Combat
  2991 | D:2      | Reached XP level 4. HP: 30/30 MP: 7/7
  3000 | D:2      | HP: 1/30 [gnoll/+0 flail (10)]
  3000 | D:2      | Slain by a gnoll

Vanquished Creatures
  A gnoll (D:2)
  2 dart slugs
  A ball python (D:1)
  A bat (D:2)
  2 endoplasms
  A giant cockroach (D:1)
  2 goblins
  A kobold (D:1)
  A frilled lizard (D:1)
  3 rats (D:1)
15 creatures vanquished.

Vanquished Creatures (collateral kills)
  An adder (D:2)
  A worm (D:2)
  3 dart slugs
  A ball python (D:1)
  3 endoplasms (D:1)
  2 giant cockroaches
  2 hobgoblins
  3 jackals (D:1)
  A kobold (D:2)
  3 rats (D:1)
20 creatures vanquished.

Grand Total: 35 creatures vanquished

Table legend:
 A = Non-vault XP
 B = Vault XP
 C = Vault XP percentage of total XP
 D = Non-vault monster count
 E = Vault monster count
 F = Vault count percentage of total count
                 A         B        C        D         E       F
            +---------+---------+-------+---------+---------+-------
      Total |      99 |       0 |   0.0 |      35 |       0 |   0.0
            +---------+---------+-------+---------+---------+-------
        D:1 |      47 |       0 |   0.0 |      24 |       0 |   0.0
        D:2 |      52 |       0 |   0.0 |      11 |       0 |   0.0
            +---------+---------+-------+---------+---------+-------

Illustrated notes

Table legend:
 A = Kills in this place as a percentage of kills in entire the game.
 B = Kills by you in this place as a percentage of kills by you in the entire game.
 C = Kills by friends in this place as a percentage of kills by friends in the entire game.
 D = Other kills in this place as a percentage of other kills in the entire game.
 E = Experience gained in this place as a percentage of experience gained in the entire game.
 F = Experience gained in this place divided by the number of levels of this place that you have seen.
                   A       B       C       D       E      F
               +-------+-------+-------+-------+-------+----------------------
         Total | 100.0 | 100.0 | 100.0 |   N/A | 100.0 |  49.5
       Dungeon | 100.0 | 100.0 | 100.0 |   N/A | 100.0 |  49.5
               +-------+-------+-------+-------+-------+----------------------

Table legend: (Time is in decaauts)
 A = Elapsed time spent in this place.
 B = Non-inter-level travel time spent in this place.
 C = Inter-level travel time spent in this place.
 D = Time resting spent in this place.
 E = Time spent auto-exploring this place.
 F = Levels seen in this place.
 G = Mean time per level.
                   A        B        C        D        E       F      G
               +--------+--------+--------+--------+--------+-----+--------+
         Total |   2997 |   2988 |      9 |    293 |   2354 |   2 | 1498.5 |
       Dungeon |   2997 |   2988 |      9 |    293 |   2354 |   2 | 1498.5 |
               +--------+--------+--------+--------+--------+-----+--------+

Top non-repeatable levels by time:
     D:1: 1908 daAuts
     D:2: 1089 daAuts
